 Dungeon Crawl Stone Soup version 0.19-a0-505-g8266cc7 (webtiles) character file.

20655 zxpr0jk the Unseen (level 12, 0/84 HPs)
             Began as a Vampire Fighter on June 5, 2016.
             Was the Champion of Cheibriados.
             Killed from afar by Azrael (20 damage)
             ... with damnation
             ... on level 13 of the Dungeon.
             The game lasted 00:33:12 (11384 turns).

zxpr0jk the Unseen (Vampire Fighter)               Turns: 11384, Time: 00:33:13

Health: 0/84       AC:  9    Str: 34    XL:     12   Next: 47%
Magic:  0/12       EV: 25    Int: 26    God:    Cheibriados [******]
Gold:   923        SH:  0    Dex: 33    Spells: 0 memorised, 11 levels left

rFire  + + .     SeeInvis +     v - +2 dagger (vamp)
rCold  + . .     Gourm    .     H - +3 salamander hide armour {+Rage rF++}
rNeg   + + .     Faith    .     (no shield)
rPois  +         Spirit   +     (no helmet)
rElec  .         Dismiss  .     (no cloak)
rCorr  .         Reflect  .     Y - +0 pair of gloves
SustAt .         Harm     .     o - +0 pair of boots
MR     +....                    w - amulet of guardian spirit
Stlth  ++++......               N - ring of poison resistance
                                n - +4 ring of strength

@: liquid flames, regenerating slowly, glowing, very slow, somewhat resistant to
hostile enchantments, stealthy
A: fangs 3, see invisible, unbreathing
a: Bat Form, Bend Time, Temporal Distortion, Slouch, Step From Time, Renounce
Religion, Evoke Berserk Rage


You were on level 13 of the Dungeon.
You worshipped Cheibriados.
Cheibriados was exalted by your worship.
You were thirsty.

You visited 2 branches of the dungeon, and saw 14 of its levels.

You collected 923 gold pieces.

Inventory:

Hand Weapons
 v - a +2 vampiric dagger (weapon)
 L - the +8 scimitar "Segab" {freeze, rF+ MP+9 Int-4 Stlth+}
   (You found it on level 9 of the Dungeon)

   It has been specially enchanted to freeze those struck by it, causing extra
   injury to most foes and up to half again as much damage against particularly
   susceptible opponents.
   It can also slow down cold-blooded creatures.
   It affects your intelligence (-4).
   It protects you from fire.
   It affects your magic capacity (+9).
   It makes you more stealthy.
 O - a +0 blowgun
Missiles
 g - 6 poisoned javelins (quivered)
 P - 19 poisoned needles
 S - 14 curare-tipped needles
Armour
 c - a +0 shield
 o - a +0 pair of boots (worn)
 H - the +3 salamander hide armour (worn) {+Rage rF++}
   (You found it on level 6 of the Dungeon)

   It greatly protects you from fire.
   It lets you go berserk.
 Y - a +0 pair of gloves (worn)
Jewellery
 k - an uncursed ring of protection from cold
 n - a +4 ring of strength (left hand)
 w - an amulet of guardian spirit (around neck)
 N - a ring of poison resistance (right hand)
Wands
 a - a wand of heal wounds (5/9)
 e - a wand of slowing (15/48)
 f - a wand of paralysis (8/24)
 h - a wand of heal wounds (6/9)
 F - a wand of lightning (7/15)
 J - a wand of paralysis (11/24)
 K - a wand of digging (5/24)
 M - a wand of iceblast (8/15)
 T - a wand of acid (12/15)
 V - a wand of paralysis (11/24)
 W - a wand of paralysis (5/24)
 X - a wand of enslavement (12/24)
Scrolls
 b - 3 scrolls of immolation
 l - 4 scrolls of teleportation
 m - 4 scrolls of amnesia {unknown}
 p - 3 scrolls of fear {unknown}
 q - 2 scrolls of recharging {unknown}
 r - a scroll of enchant weapon {unknown}
 x - 4 scrolls of identify
 y - 5 scrolls of blinking {unknown}
 z - 5 scrolls of remove curse {unknown}
 B - 2 scrolls of fog {unknown}
 C - a scroll of acquirement {unknown}
 D - 2 scrolls of magic mapping {unknown}
 E - a scroll of enchant armour {unknown}
 U - a scroll of torment {unknown}
Potions
 i - 4 potions of lignification
 j - a potion of haste {unknown}
 s - 2 potions of flight
 t - a potion of mutation {unknown}
 u - a potion of cure mutation {unknown}
 A - a potion of brilliance
 I - 2 potions of cancellation {unknown}
 Q - a potion of heal wounds {unknown}
Books
 G - a book of the Sky

   Spells                             Type                      Level
   a - Summon Lightning Spire         Summoning/Air                4
   b - Airstrike                      Air                          4
   c - Silence                        Hexes/Air                    5
   d - Deflect Missiles               Charms/Air                   6
   e - Conjure Ball Lightning         Conjuration/Air              6
   f - Tornado                        Air                          9
 R - a book of Debilitation

   Spells                             Type                      Level
   a - Corona                         Hexes                        1
   b - Slow                           Hexes                        2
   c - Gell's Gravitas                Hexes/Translocation          3
   d - Inner Flame                    Hexes/Fire                   3
   e - Cause Fear                     Hexes                        4
   f - Leda's Liquefaction            Hexes/Earth                  4


   Skills:
 - Level 4.7 Fighting
 + Level 12.6(13.0) Short Blades
 - Level 4.2(8.8) Long Blades
 + Level 5.8 Armour
 - Level 10.4 Dodging
 * Level 16.6 Stealth
 - Level 2.6 Shields


You had 11 spell levels left.
You didn't know any spells.

Dungeon Overview and Level Annotations

Branches:
Dungeon (13/15)            Temple (1/1) D:4            Lair (0/8) D:11
    Orc (0/2) D:12
 Vaults: D:13-14

Altars:
Ashenzari
Cheibriados
Dithmenos
Elyvilon
Fedhas
Gozag
Hepliaklqana
Kikubaaqudgha
Makhleb
Nemelex Xobeh
Okawaru
Pakellas
Qazlal
Ru
Sif Muna
Trog
Uskayaw
Vehumet
Xom
Yredelemnul
Zin
The Shining One

Shops:
D:6 %

Annotations:
D:13 Azrael


Innate Abilities, Weirdness & Mutations

You heal slowly.
You have razor-sharp teeth.
You have supernaturally acute eyesight. (SInv)
You can survive without breathing.


Message History

You are covered in liquid flames!
You hit Azrael but do no damage.
Azrael is almost dead.
You are covered in liquid flames!
Azrael gestures at you.
The fireball explodes!
The fireball engulfs you! You resist.
* * * LOW HITPOINT WARNING * * *
The fireball engulfs Azrael.
Azrael completely resists.
You hear a shout!
You hit Azrael.
Azrael is almost dead.
You are covered in liquid flames!
* * * LOW HITPOINT WARNING * * *
Unknown command.
You hit Azrael but do no damage.
Azrael is almost dead.
You are covered in liquid flames!
Azrael gestures at you.
The sphere of damnation explodes!
The damnation engulfs you!
You die...

#################
#.......R@.......
#.......#........
#.......#........
#.###...#........
#.......#.####...
#.......#.# ..
#.###...#.# .
#.......#.#..
#.........'..


You could see Azrael.

Vanquished Creatures
  A hydra (D:11)
  A centaur warrior (D:11)
  Erica (D:9)
  A deep elf mage (D:13)
  5 cyclopes
  The ghost of Gospel the Conjurer, a novice DsFE of Kikubaaqudgha (D:7)
  3 ugly things (D:12)
  2 manticores
  Joseph (D:9)
  5 trolls
  Grinder (D:6)
  4 two-headed ogres
  2 fire elementals (D:13)
  2 hippogriffs (D:10)
  A wyvern (D:6)
  13 yaks
  3 hungry ghosts
  Eustachio (D:6)
  3 vampire mosquitoes (D:12)
  A steam dragon (D:9)
  3 wargs (D:11)
  2 soldier ants
  2 hell hounds (D:13)
  3 sky beasts
  A water moccasin (D:9)
  3 orc warriors
  2 ice beasts
  A phantom (D:7)
  11 ogres
  3 necrophages
  An eye of draining (D:10)
  15 centaurs
  A crocodile (D:8)
  2 big kobolds
  The ghost of 2tousent the Sneak, an amateur VSEn of Hepliaklqana (D:3)
  8 giant frogs
  A gnoll sergeant (D:12)
  10 killer bees
  3 scorpions
  An electric eel (D:12)
  2 howler monkeys (D:8)
  3 crimson imps
  A giant frog zombie (D:9)
  A quasit (D:9)
  A centaur zombie (D:10)
  6 hounds
  A giant frog skeleton (D:11)
  6 orc priests
  A gnoll shaman (D:4)
  7 jellies
  6 orc wizards
  4 centaur skeletons
  Jessica (D:2)
  An iguana (D:6)
  9 worker ants
  3 killer bee zombies
  4 sheep (D:13)
  2 hound skeletons
  2 worker ant zombies
  11 gnolls
  12 adders
  A shadow imp (D:5)
  3 oozes
  2 adder zombies
  2 worms (D:2)
  3 dart slugs (D:2)
  4 giant geckos
  49 orcs
  A ball python (D:6)
  5 giant cockroaches
  5 goblins
  14 hobgoblins
  2 jackals (D:6)
  16 kobolds
  4 quokkas
  13 bats
  5 giant newts
  2 quokka skeletons
  4 rats
345 creatures vanquished.

Vanquished Creatures (others)
  A quokka (D:12)
1 creature vanquished.

Grand Total: 346 creatures vanquished

Notes
Turn   | Place    | Note
--------------------------------------------------------------
     0 | D:1      | zxpr0jk the Vampire Fighter began the quest for the Orb.
     0 | D:1      | Reached XP level 1. HP: 17/17 MP: 1/1
   144 | D:1      | Reached XP level 2. HP: 20/24 MP: 2/2
   737 | D:2      | Reached XP level 3. HP: 29/29 MP: 3/3
   780 | D:2      | Noticed Jessica
   785 | D:2      | Killed Jessica
   852 | D:2      | Found a shimmering altar of Xom.
   879 | D:2      | Reached XP level 4. HP: 26/37 MP: 4/4
  1578 | D:3      | Reached XP level 5. HP: 35/43 MP: 5/5
  1751 | D:3      | Noticed 2tousent's ghost (amateur VSEn)
  1759 | D:3      | Killed 2tousent's ghost
  2550 | D:4      | Reached skill level 1 in Short Blades
  2550 | D:4      | Reached XP level 6. HP: 37/49 MP: 6/6
  3081 | D:4      | Reached XP level 7. HP: 54/55 MP: 7/7
  3172 | D:4      | Found a staircase to the Ecumenical Temple.
  3220 | Temple   | Entered the Ecumenical Temple
  3314 | Temple   | Became a worshipper of Cheibriados the Contemplative
  3348 | D:5      | Entered Level 5 of the Dungeon
  3414 | D:5      | Found a hazy altar of Hepliaklqana.
  3499 | D:5      | Reached skill level 5 in Short Blades
  3528 | D:5      | Found a radiant altar of Vehumet.
  3851 | D:5      | Reached * piety under Cheibriados
  3994 | D:5      | Reached XP level 8. HP: 45/61 MP: 3/8
  4047 | D:5      | Found a bloodstained altar of Trog.
  4326 | D:6      | Noticed Eustachio
  4384 | D:6      | Killed Eustachio
  4384 | D:6      | Reached skill level 10 in Short Blades
  4452 | D:6      | Reached skill level 1 in Dodging
  4464 | D:6      | Found a hide-covered altar of Uskayaw.
  4564 | D:6      | Found Piyps's Food Boutique.
  4630 | D:6      | Noticed Grinder
  4644 | D:6      | Reached ** piety under Cheibriados
  4670 | D:6      | Killed Grinder
  4670 | D:6      | Reached XP level 9. HP: 23/66 MP: 3/9
  5007 | D:6      | Reached skill level 1 in Stealth
  5201 | D:6      | Found a glowing silver altar of Zin.
  5441 | D:7      | Noticed Gospel's ghost (novice DsFE)
  5493 | D:7      | Killed Gospel's ghost
  5493 | D:7      | Reached skill level 5 in Dodging
  5493 | D:7      | Reached skill level 2 in Stealth
  5619 | D:7      | Reached *** piety under Cheibriados
  5619 | D:7      | Reached skill level 3 in Stealth
  5683 | D:7      | Reached skill level 4 in Stealth
  5709 | D:7      | Found a blossoming altar of Fedhas.
  5885 | D:7      | Found an opulent altar of Gozag.
  5886 | D:7      | Found a basalt altar of Yredelemnul.
  6084 | D:8      | Reached skill level 5 in Stealth
  6227 | D:8      | Reached XP level 10. HP: 65/73 MP: 8/10
  6382 | D:8      | Reached skill level 6 in Stealth
  6539 | D:8      | Found an iron altar of Okawaru.
  6916 | D:9      | Reached skill level 7 in Stealth
  6944 | D:9      | Noticed Joseph
  6972 | D:9      | Killed Joseph
  6972 | D:9      | Reached skill level 8 in Stealth
  6986 | D:9      | Reached **** piety under Cheibriados
  7049 | D:9      | Got a fine scimitar
  7057 | D:9      | Identified the +8 scimitar "Segab" {freeze, rF+ MP+9 Int-4 Stlth+} (You found it on level 9 of the Dungeon)
  7133 | D:9      | Reached skill level 9 in Stealth
  7152 | D:9      | Noticed Erica
  7155 | D:9      | Killed Erica
  7174 | D:9      | Reached skill level 10 in Stealth
  7476 | D:9      | Found a shattered altar of Ashenzari.
  7668 | D:10     | Entered Level 10 of the Dungeon
  7807 | D:10     | Reached skill level 11 in Stealth
  7991 | D:10     | Reached XP level 11. HP: 67/78 MP: 8/11
  8100 | D:10     | Reached ***** piety under Cheibriados
  8529 | D:11     | Found a staircase to the Lair.
  8539 | D:11     | Reached skill level 12 in Stealth
  8618 | D:11     | Noticed a centaur warrior
  8633 | D:11     | Killed a centaur warrior
  8724 | D:11     | Reached skill level 13 in Stealth
  8992 | D:11     | Noticed a six-headed hydra
  8999 | D:11     | Killed a six-headed hydra
  8999 | D:11     | Reached skill level 10 in Dodging
  8999 | D:11     | Reached skill level 14 in Stealth
  9851 | D:11     | Reached ****** piety under Cheibriados
  9937 | D:12     | Noticed a cyan ugly thing
  9943 | D:12     | Killed a cyan ugly thing
 10166 | D:12     | Reached skill level 15 in Stealth
 10279 | D:12     | Reached XP level 12. HP: 84/84 MP: 12/12
 10425 | D:12     | Reached skill level 5 in Armour
 10798 | D:12     | Found a staircase to the Orcish Mines.
 11087 | D:13     | Reached skill level 16 in Stealth
 11314 | D:13     | Noticed Azrael
 11384 | D:13     | Killed from afar by Azrael

Vault maps used:
D:1:      dpeg_arrival_brainrot
D:2:      xom_teletrap_fun, due_unseen_surprise, uniq_jessica
D:3:      minmay_misc_feat_diagonals
D:4:      minmay_temple_entry_enclosed_plants
D:5:      nicolae_overflow_crystal_walls, kennysheep_mini, vehumet_crystals,
          first_bread
D:6:      marbit_many_paths, old_standard_altar, serial_shops, shop_fountains,
          st_stairs_9, uniq_eustachio, uniq_grinder
D:7:      gammafunk_temple_overflow_pools, fedhas_bush_and_centaur_altar
D:8:      lemuel_doored_altar, grunt_ogre_cave
D:9:      nicolae_overflow_hidden_temple, hangedman_decor_slide_cut,
          uniq_joseph, uniq_erica
D:11:     erik_lair_orcish_takeover
D:12:     orc_0_dummy, minmay_tree_intersection
D:13:     uniq_azrael
Temple:   circular_temple_12

Skill      XL: |  1  2  3  4  5  6  7  8  9 10 11 12 |
---------------+-------------------------------------+-----
Fighting       | 3 4 |  4.7
Long Blades    | 3 4 |  4.2
Short Blades   | 1 4 7 10 11 12 | 12.6
Dodging        | 3 7 9 10 | 10.4
Armour         | 3 4 5 |  5.8
Stealth        | 5 11 15 16 | 16.6
Shields        | |  2.6

Action                   |  1- 3 |  4- 6 |  7- 9 | 10-12 || total
-------------------------+-------+-------+-------+-------++-------
Melee: Long sword        |    80 |   111 |       |       ||   191
       Bite              |     8 |    38 |   125 |   254 ||   425
       Dagger            |       |   181 |   673 |   938 ||  1792
  Use: Potion            |       |     5 |     3 |       ||     8
       Scroll            |       |     3 |     9 |     3 ||    15
 Stab: Sleeping          |       |       |     5 |    45 ||    50
       Distracted        |       |       |     1 |     6 ||     7
  Eat: Corpse            |     5 |    12 |    12 |     4 ||    33
Armor: Scale mail        |    43 |    11 |       |       ||    54
       Chain mail        |       |   117 |   127 |       ||   244
       Leather armour    |       |       |    32 |    89 ||   121
Dodge: Dodged            |    20 |    40 |   117 |   601 ||   778
Block: Shield            |    34 |   109 |   183 |     1 ||   327
